[ AOE2 MATCH · #504930952 ]
UnrankedSicilians vs Burgundians
Player's team · LOSS
[ REPLAY ANALYSIS · EXTRACTED FROM THE RECORDED GAME ]
Feudal
9:43
Castle
22:32
Imperial
30:59
| APM avg | 21.1 |
| APM peak | 55 |
| eAPM avg | 14.5 |
| Villagers / military | 96 / 102 |
Focus
⚔️ 29.7% · 🌾 70.3%
Knight ×44 · Scout Cavalry ×20 · Spearman ×15 · Serjeant ×10 · Archer ×8 · Trebuchet (Packed) ×4
Feudal
10:33
Castle
16:04
Imperial
35:59
| APM avg | 39.1 |
| APM peak | 108 |
| eAPM avg | 19.6 |
| Villagers / military | 134 / 143 |
Focus
⚔️ 31.4% · 🌾 68.6%
Hand Cannoneer ×51 · Knight ×47 · Coustillier ×36 · Skirmisher ×4 · Trebuchet (Packed) ×3 · Monk ×2
Match map
Initial resources + every placement click. Lines = walls · curves = elevation contours. ◆ gold · ⬟ stone · ● berries · ✦ relic · ◌ wall gap
Your base· ✓ Closed at 22:32 · 0t walls · 2 gate(s)
KenChan's base· ✓ Closed at 16:04 · 16t walls · 2 gate(s)
Smoothed initial terrain · ◌ = detected wall gap · hover for details
Inputs per minute
— Manco Cápac - - KenChan
Build order — Manco Cápac
First 150 of 351 actions detected
| 0:05 | Build | House |
| 0:10 | Queue | Villager (Male) |
| 0:10 | Queue | Villager (Male) |
| 0:11 | Queue | Villager (Male) |
| 0:11 | Queue | Villager (Male) |
| 1:40 | Queue | Villager (Male) |
| 1:40 | Queue | Villager (Male) |
| 1:58 | Queue | Villager (Male) |
| 2:05 | Build | House |
| 2:07 | Build | House |
| 2:09 | Build | House |
| 2:32 | Build | Lumber Camp |
| 2:43 | Queue | Villager (Male) |
| 2:43 | Queue | Villager (Male) |
| 2:54 | Queue | Villager (Male) |
| 3:45 | Research | Loom |
| 3:54 | Queue | Villager (Male) |
| 3:54 | Queue | Villager (Male) |
| 4:07 | Queue | Villager (Male) |
| 4:52 | Queue | Villager (Male) |
| 5:22 | Queue | Villager (Male) |
| 6:06 | Queue | Villager (Male) |
| 6:24 | Build | Mining Camp |
| 6:28 | Queue | Villager (Male) |
| 6:50 | Queue | Villager (Male) |
| 7:23 | Build | Mining Camp |
| 7:33 | Research | Feudal Age |
| 8:24 | Build | Mill |
| 9:01 | Queue | Villager (Male) |
| 9:01 | Queue | Villager (Male) |
| 9:19 | Build | Donjon |
| 9:43 | Age | Feudal Age |
| 9:47 | Queue | Villager (Male) |
| 10:07 | Queue | Villager (Male) |
| 10:33 | Build | Archery Range |
| 10:45 | Queue | Villager (Male) |
| 10:46 | Queue | Villager (Male) |
| 11:06 | Build | House |
| 11:11 | Build | House |
| 11:35 | Queue | Archer |
| 11:35 | Queue | Archer |
| 11:35 | Queue | Archer |
| 11:40 | Queue | Serjeant |
| 11:40 | Queue | Serjeant |
| 12:09 | Queue | Archer |
| 12:10 | Queue | Archer |
| 12:17 | Research | Wheelbarrow |
| 12:35 | Research | Horse Collar |
| 13:09 | Build | Mining Camp |
| 13:29 | Queue | Villager (Male) |
| 13:29 | Queue | Villager (Male) |
| 13:30 | Queue | Villager (Male) |
| 13:55 | Queue | Archer |
| 14:17 | Build | Farm |
| 14:18 | Build | Farm |
| 14:19 | Build | Farm |
| 14:35 | Build | House |
| 14:42 | Build | House |
| 14:59 | Build | Blacksmith |
| 15:10 | Queue | Villager (Male) |
| 15:10 | Queue | Villager (Male) |
| 15:10 | Queue | Villager (Male) |
| 15:11 | Queue | Villager (Male) |
| 15:38 | Build | House |
| 15:49 | Queue | Archer |
| 15:49 | Queue | Archer |
| 15:53 | Research | Fletching |
| 16:20 | Queue | Villager (Male) |
| 16:30 | Build | Farm |
| 16:31 | Build | Farm |
| 16:34 | Build | Farm |
| 16:38 | Build | Farm |
| 16:39 | Build | Farm |
| 16:42 | Build | Farm |
| 17:15 | Queue | Villager (Male) |
| 17:22 | Build | Farm |
| 17:23 | Build | Farm |
| 17:32 | Build | Farm |
| 17:37 | Build | Farm |
| 17:41 | Queue | Villager (Male) |
| 17:50 | Build | Farm |
| 18:27 | Queue | Villager (Male) |
| 18:37 | Build | Market |
| 19:52 | Research | Castle Age |
| 20:58 | Build | Lumber Camp |
| 21:16 | Build | Mill |
| 21:21 | Build | Farm |
| 22:00 | Build | Donjon |
| 22:32 | Age | Castle Age |
| 22:37 | Build | Castle |
| 22:58 | Queue | Spearman |
| 22:58 | Queue | Spearman |
| 22:58 | Queue | Spearman |
| 23:10 | Research | Bodkin Arrow |
| 23:52 | Queue | Villager (Male) |
| 24:01 | Research | Pikeman (upgrade) |
| 24:02 | Queue | Spearman |
| 24:02 | Queue | Spearman |
| 24:02 | Queue | Spearman |
| 24:29 | Queue | Serjeant |
| 24:29 | Queue | Serjeant |
| 24:29 | Queue | Serjeant |
| 25:04 | Queue | Villager (Male) |
| 25:04 | Queue | Villager (Male) |
| 25:05 | Queue | Villager (Male) |
| 25:36 | Build | Farm |
| 25:49 | Build | Town Center |
| 27:49 | Research | Imperial Age |
| 27:58 | Queue | Spearman |
| 27:58 | Queue | Spearman |
| 28:14 | Queue | Villager (Male) |
| 28:15 | Queue | Villager (Male) |
| 28:20 | Queue | Villager (Male) |
| 28:21 | Queue | Villager (Male) |
| 28:53 | Build | University |
| 29:16 | Research | Double-Bit Axe |
| 29:20 | Queue | Villager (Male) |
| 29:20 | Queue | Villager (Male) |
| 29:20 | Queue | Villager (Male) |
| 29:20 | Queue | Villager (Male) |
| 29:54 | Queue | Villager (Male) |
| 29:55 | Queue | Villager (Male) |
| 29:55 | Queue | Villager (Male) |
| 30:16 | Research | Heavy Plow |
| 30:26 | Build | Farm |
| 30:31 | Queue | Spearman |
| 30:32 | Queue | Spearman |
| 30:59 | Age | Imperial Age |
| 31:04 | Queue | Trebuchet (Packed) |
| 31:05 | Queue | Trebuchet (Packed) |
| 31:25 | Research | Ballistics |
| 31:36 | Queue | Spearman |
| 31:36 | Queue | Spearman |
| 31:36 | Queue | Spearman |
| 31:37 | Queue | Spearman |
| 31:46 | Queue | Villager (Male) |
| 31:46 | Queue | Villager (Male) |
| 31:46 | Queue | Villager (Male) |
| 31:47 | Queue | Villager (Male) |
| 32:39 | Queue | Spearman |
| 32:55 | Queue | Villager (Male) |
| 32:55 | Queue | Villager (Male) |
| 33:02 | Queue | Trebuchet (Packed) |
| 34:04 | Research | Town Watch |
| 34:06 | Queue | Villager (Male) |
| 34:06 | Queue | Villager (Male) |
| 34:07 | Queue | Villager (Male) |
| 34:07 | Queue | Villager (Male) |
| 34:25 | Build | Monastery |
| 34:52 | Queue | Trebuchet (Packed) |
Build order — KenChan
First 150 of 468 actions detected
| 0:01 | Queue | Villager (Male) |
| 0:01 | Queue | Villager (Male) |
| 0:01 | Queue | Villager (Male) |
| 0:02 | Queue | Villager (Male) |
| 0:03 | Build | House |
| 0:05 | Build | House |
| 1:35 | Queue | Villager (Male) |
| 1:35 | Queue | Villager (Male) |
| 2:03 | Queue | Villager (Male) |
| 2:04 | Queue | Villager (Male) |
| 2:21 | Build | Lumber Camp |
| 2:22 | Queue | Villager (Male) |
| 2:22 | Queue | Villager (Male) |
| 2:47 | Queue | Villager (Male) |
| 3:10 | Build | House |
| 3:16 | Queue | Villager (Male) |
| 3:37 | Queue | Villager (Male) |
| 3:37 | Queue | Villager (Male) |
| 3:37 | Queue | Villager (Male) |
| 4:13 | Queue | Villager (Male) |
| 4:14 | Queue | Villager (Male) |
| 4:33 | Queue | Villager (Male) |
| 4:41 | Queue | Villager (Male) |
| 5:10 | Queue | Villager (Male) |
| 5:15 | Build | House |
| 5:38 | Build | Mill |
| 5:50 | Queue | Villager (Male) |
| 6:04 | Queue | Villager (Male) |
| 6:32 | Queue | Villager (Male) |
| 6:57 | Queue | Villager (Male) |
| 6:57 | Queue | Villager (Male) |
| 7:35 | Build | Farm |
| 7:43 | Queue | Villager (Male) |
| 7:53 | Build | Farm |
| 7:55 | Build | Farm |
| 8:03 | Build | Farm |
| 8:19 | Build | Mining Camp |
| 8:23 | Research | Feudal Age |
| 8:27 | Research | Loom |
| 8:36 | Research | Loom |
| 8:42 | Build | Farm |
| 8:52 | Build | Farm |
| 10:10 | Build | House |
| 10:33 | Queue | Villager (Male) |
| 10:33 | Queue | Villager (Male) |
| 10:33 | Age | Feudal Age |
| 10:43 | Research | Double-Bit Axe |
| 10:56 | Build | Watch Tower |
| 11:10 | Build | Blacksmith |
| 11:24 | Build | Palisade Wall |
| 11:28 | Queue | Villager (Male) |
| 12:12 | Build | House |
| 12:21 | Queue | Villager (Male) |
| 12:42 | Build | Market |
| 13:09 | Queue | Villager (Male) |
| 13:22 | Research | Castle Age |
| 13:46 | Build | House |
| 13:54 | Build | Mining Camp |
| 14:29 | Research | Stone Mining |
| 14:35 | Research | Scale Barding Armor |
| 15:13 | Research | Forging |
| 15:23 | Build | Stone Wall |
| 15:25 | Build | Stone Wall |
| 15:55 | Research | Wheelbarrow |
| 16:04 | Age | Castle Age |
| 16:07 | Build | Stone Wall |
| 16:12 | Build | Stone Wall |
| 17:03 | Queue | Villager (Male) |
| 17:16 | Build | Farm |
| 17:21 | Build | Farm |
| 17:28 | Queue | Villager (Male) |
| 17:31 | Build | Farm |
| 17:33 | Build | Farm |
| 17:36 | Build | Farm |
| 17:59 | Queue | Villager (Male) |
| 18:45 | Queue | Villager (Male) |
| 19:11 | Queue | Villager (Male) |
| 19:16 | Build | Stone Wall |
| 19:26 | Build | Castle |
| 19:27 | Queue | Villager (Male) |
| 19:55 | Build | Town Center |
| 20:00 | Queue | Villager (Male) |
| 20:12 | Build | Palisade Gate |
| 20:17 | Build | Palisade Gate |
| 20:24 | Build | Palisade Gate |
| 20:31 | Queue | Villager (Male) |
| 20:45 | Queue | Villager (Male) |
| 21:07 | Queue | Villager (Male) |
| 21:22 | Build | Mining Camp |
| 21:25 | Queue | Villager (Male) |
| 21:32 | Queue | Coustillier |
| 21:32 | Queue | Coustillier |
| 21:41 | Queue | Villager (Male) |
| 21:50 | Queue | Villager (Male) |
| 21:56 | Queue | Villager (Male) |
| 22:03 | Queue | Coustillier |
| 22:06 | Queue | Villager (Male) |
| 22:15 | Queue | Coustillier |
| 22:34 | Queue | Coustillier |
| 23:00 | Queue | Coustillier |
| 23:23 | Queue | Coustillier |
| 23:23 | Queue | Coustillier |
| 23:48 | Queue | Villager (Male) |
| 23:52 | Queue | Coustillier |
| 23:52 | Queue | Coustillier |
| 24:06 | Queue | Villager (Male) |
| 24:07 | Queue | Villager (Male) |
| 24:10 | Build | Farm |
| 24:11 | Queue | Villager (Male) |
| 24:15 | Build | Town Center |
| 24:24 | Queue | Coustillier |
| 24:32 | Build | Farm |
| 24:46 | Queue | Villager (Male) |
| 24:47 | Queue | Villager (Male) |
| 25:00 | Build | Farm |
| 25:05 | Build | Monastery |
| 25:11 | Queue | Coustillier |
| 25:13 | Queue | Villager (Male) |
| 25:17 | Queue | Villager (Male) |
| 25:19 | Queue | Villager (Male) |
| 25:23 | Build | Farm |
| 25:56 | Queue | Villager (Male) |
| 25:57 | Queue | Villager (Male) |
| 25:59 | Build | Farm |
| 26:00 | Queue | Monk |
| 26:09 | Queue | Villager (Male) |
| 26:10 | Queue | Villager (Male) |
| 26:23 | Build | Castle |
| 26:25 | Queue | Villager (Male) |
| 26:31 | Queue | Villager (Male) |
| 26:32 | Queue | Coustillier |
| 26:35 | Build | Farm |
| 26:37 | Build | Farm |
| 26:41 | Queue | Villager (Male) |
| 26:46 | Queue | Coustillier |
| 26:48 | Build | Farm |
| 26:49 | Queue | Villager (Male) |
| 26:50 | Queue | Villager (Male) |
| 27:07 | Build | Farm |
| 27:13 | Queue | Villager (Male) |
| 27:14 | Queue | Villager (Male) |
| 27:39 | Queue | Villager (Male) |
| 27:40 | Queue | Villager (Male) |
| 28:00 | Queue | Coustillier |
| 28:00 | Queue | Coustillier |
| 28:12 | Queue | Villager (Male) |
| 28:13 | Queue | Villager (Male) |
| 28:23 | Queue | Villager (Male) |
| 28:23 | Queue | Villager (Male) |
| 28:46 | Queue | Villager (Male) |
Match timeline
| 9:19 | Manco Cápac · first_building Donjon |
| 9:43 | Manco Cápac · age_up feudal |
| 10:33 | Manco Cápac · first_building Archery Range |
| 10:33 | KenChan · age_up feudal |
| 11:24 | KenChan · wall_segment Palisade Wall x12 |
| 15:23 | KenChan · wall_segment Stone Wall x1 |
| 15:25 | KenChan · wall_segment Stone Wall x3 |
| 16:04 | KenChan · age_up castle |
| 16:07 | KenChan · wall_segment Stone Wall x3 |
| 16:12 | KenChan · wall_segment Stone Wall x5 |
| 19:03 | Manco Cápac · first_market_buy 100 food |
| 19:16 | KenChan · wall_segment Stone Wall x1 |
| 19:26 | KenChan · first_building Castle |
| 21:40 | KenChan · first_market_buy 100 food |
| 22:32 | Manco Cápac · age_up castle |
| 22:37 | Manco Cápac · first_building Castle |
| 25:05 | KenChan · first_building Monastery |
| 25:52 | Manco Cápac · first_market_sell 100 stone |
| 30:59 | Manco Cápac · age_up imperial |
| 31:00 | KenChan · first_building Siege Workshop |
| 32:35 | KenChan · first_market_sell 100 wood |
| 34:25 | Manco Cápac · first_building Monastery |
| 34:36 | KenChan · first_building Barracks |
| 35:22 | KenChan · first_building Stable |
| 35:59 | KenChan · age_up imperial |
| 36:43 | KenChan · first_building Archery Range |
| 41:55 | Manco Cápac · first_building Stable |
| 42:17 | Manco Cápac · wall_segment Stone Wall x9 |
| 50:19 | Manco Cápac · resign |
[ AI ANALYSIS · 1 CREDIT ]
What really happened in this match?
Wolo.gg analyzes every decision: build order, eco, micro, common mistakes by bracket. Personalized analysis on WhatsApp or Discord in 30 seconds.
Civ guide
Sicilians
Perfil
Manco Cápac